Map: Whitewater Line LE

Players

zerocold

  • Race: Protoss Protoss
  • Spawn Location: 1:00

Delite

  • Race: Terran Terran
  • Spawn Location: 12:00

Katollit

  • Race: Terran Terran
  • Spawn Location: 1:00

Throwfordays

  • Race: Protoss Protoss
  • League: Silver
  • Spawn Location: 6:00

Breakfast

  • Race: Terran Terran
  • Spawn Location: 7:00

Faust

  • Race: Zerg Zerg
  • League: Diamond
  • Spawn Location: 7:00

VOD

Have the link to the VOD?

Description

Time

  • Played on: April 3, 2019, 4:08 p.m.
  • Length: 10:15
Show
View Real Time Build Order
Export as new Build Order

zerocold Protoss 

Build Orders: Phoenix Opening 

Get SALT Encoding   

  1  0:00  Probe  
  12  0:06  Probe  
  14  0:17  Probe  
  15  0:31  Pylon  
  15  0:34  Assimilator  
  15  0:49  Probe  
  16  0:51  Gateway  
  16  0:54  Assimilator  
  16  0:58  Probe  
  17  1:06  Probe  
  18  1:15  Probe  
  19  1:27  Probe  
  20  1:44  Gateway, Cybernetics Core  
  20  1:47  Probe  
  21  1:59  Probe  
  22  2:08  Pylon  
  22  2:11  Probe  
  23  2:26  Stargate  
  23  2:27  Stargate  
  23  2:48  Nexus  
  23  3:06  Phoenix  
  23  3:08  Assimilator  
  23  3:10  Probe  
  24  3:13  Phoenix  
  28  3:22  Pylon  
  28  3:28  Phoenix  
  30  3:53  Phoenix  
  30  4:00  Phoenix  
  34  4:06  Probe  
  34  4:09  Probe  
  36  4:14  Probe  
  36  4:15  Phoenix  
  36  4:21  Probe  
  36  4:24  Probe  
  40  4:27  Phoenix  
  43  4:33  Probe  
  43  4:37  Assimilator  
  43  4:38  Probe  
  45  4:44  Pylon  
  45  4:45  Probe  
  45  4:50  Probe  
  47  4:58  Fleet Beacon  
  45  5:23  Probe x2  
  45  5:28  Pylon  
  47  5:30  Pylon  
  47  5:35  Probe x2  
  49  5:47  Probe x2  
  49  5:48  Pylon  
  49  5:49  Pylon  
  51  5:59  Probe x2  
  53  6:05  Carrier  
  53  6:07  Tempest  
  64  6:11  Probe x2  
  60  7:05  Nexus  
  60  7:35  Nexus  
  60  7:41  Carrier  
  60  7:47  Assimilator  
  60  7:48  Tempest  
  60  7:49  Assimilator  
  71  8:00  Stargate  
  71  8:02  Stargate  
  71  8:18  Forge  
  71  8:24  Tempest  
  76  8:43  Carrier  
  82  9:17  Tempest  
Show
View Real Time Build Order
Export as new Build Order

Delite Terran 

Build Orders:  

Get SALT Encoding   

  12  0:01  SCV  
  13  0:13  SCV  
  14  0:25  SCV  
  15  0:29  Supply Depot  
  15  0:43  Refinery  
  15  0:51  SCV  
  15  0:52  Barracks  
  16  1:03  SCV  
  17  1:15  SCV  
  18  1:25  Refinery  
  18  1:27  SCV  
  19  1:40  Marine  
  19  1:41  Bunker  
  19  1:42  Orbital Command  
  20  1:47  Factory  
  20  1:53  Supply Depot  
  20  1:58  Marine  
  21  2:08  SCV  
  22  2:20  Marine, SCV  
  24  2:30  Factory Tech Lab  
  24  2:32  SCV  
  25  2:45  SCV  
  26  2:51  Command Center  
  26  3:03  Siege Tank  
  26  3:05  SCV  
  30  3:12  Barracks  
  30  3:17  SCV  
  31  3:27  Barracks  
  31  3:33  Marine  
  31  4:12  Supply Depot  
  31  4:16  Barracks Tech Lab  
  31  4:17  Barracks Tech Lab  
  31  4:19  Engineering Bay  
  31  4:25  Supply Depot  
  31  4:33  Marine  
  31  4:34  SCV, Siege Tank  
  31  4:36  Combat Shield  
  36  4:41  Marine  
  36  4:42  Marine  
  38  4:46  SCV  
  38  4:48  Starport  
  38  4:51  Marine  
  40  4:56  Terran Infantry Weapons Level 1  
  40  4:57  Stimpack  
  40  4:59  Marine x2  
  42  5:07  Orbital Command  
  42  5:19  Missile Turret  
  42  5:23  SCV  
  42  5:26  Refinery, Missile Turret  
  43  5:35  SCV, Starport Reactor  
  44  5:42  SCV  
  45  5:47  SCV  
  46  5:54  SCV  
  46  5:55  Refinery  
  47  5:59  SCV, Siege Tank  
  51  6:06  SCV, Engineering Bay  
  53  6:11  SCV  
  53  6:17  Marine  
  53  6:18  SCV, Command Center  
  55  6:23  SCV  
  56  6:30  SCV  
  57  6:34  Marine x2  
  57  6:35  Marine, SCV  
  61  6:44  Supply Depot  
  61  6:47  Supply Depot  
  61  6:51  Supply Depot  
  61  6:52  Marine  
  62  6:55  Barracks Reactor  
  62  7:06  Marine, SCV x2, Medivac, Missile Turret  
  67  7:10  Marine  
  67  7:23  Marine  
  67  7:27  Marine  
  69  7:36  Sensor Tower  
  69  7:37  Medivac  
  69  7:40  Terran Infantry Armor Level 1  
  69  7:41  Marine  
  69  7:42  SCV x2  
  74  7:54  SCV x2  
  76  7:58  Medivac  
  78  8:06  SCV, Supply Depot  
  78  8:07  Medivac  
  78  8:09  Supply Depot  
  78  8:10  Supply Depot  
  81  8:16  Marine x4  
  85  8:28  Medivac  
  87  8:34  Marine x4  
  87  8:36  Orbital Command  
  87  8:38  SCV x2  
  93  8:42  Medivac  
  95  8:50  SCV  
  95  8:52  Marine x4  
  98  9:09  Marine  
  94  9:10  Marine x3  
  97  9:27  Marine x2  
  97  9:28  Marine x2  
  101  9:45  Marine x3  
  101  9:46  Marine  
  101  9:49  SCV x3  
  108  9:53  Barracks  
  108  9:54  Barracks  
  108  9:57  Barracks  
  108  10:01  SCV x3  
Show
View Real Time Build Order
Export as new Build Order

Katollit Terran 

Build Orders:  

Get SALT Encoding   

  12  0:01  SCV  
  13  0:13  SCV  
  14  0:25  SCV  
  15  0:40  Supply Depot  
  15  1:02  SCV  
  16  1:04  Barracks  
  16  1:14  SCV  
  17  1:26  SCV  
  18  1:38  SCV  
  19  1:46  Barracks  
  19  1:47  Barracks  
  19  1:58  SCV  
  20  2:10  SCV  
  20  2:11  Refinery  
  21  2:22  SCV  
  22  2:27  Command Center  
  22  2:34  SCV  
  22  2:46  SCV  
  23  2:54  Bunker  
  23  3:05  Orbital Command  
  23  3:08  Command Center  
  23  3:15  Refinery  
  23  3:16  Barracks Tech Lab  
  23  3:17  Barracks Tech Lab  
  23  3:30  Barracks  
  23  3:38  Marine  
  23  3:59  Marine x3  
  26  4:05  Supply Depot  
  26  4:07  Supply Depot  
  26  4:16  Marine x2  
  28  4:17  Combat Shield  
  28  4:19  Stimpack  
  28  4:22  Barracks Reactor  
  28  4:24  Orbital Command  
  28  4:44  Barracks Reactor  
  28  4:47  Marine x2  
  30  4:59  Orbital Command  
  30  5:05  Marine, Marauder  
  32  5:23  Marine  
  32  5:26  Marine x4, Engineering Bay  
  37  5:41  Marine x2  
  39  5:43  Marine  
  39  5:44  Marine  
  41  5:50  Supply Depot  
  41  5:52  Supply Depot  
  41  5:53  SCV x2  
  41  5:54  SCV  
  44  6:01  Terran Infantry Weapons Level 1  
  44  6:08  Engineering Bay  
  44  6:14  SCV x2  
  46  6:21  Command Center  
  46  6:46  Marine x6  
  51  6:51  Terran Infantry Armor Level 1, Command Center  
  52  7:26  Marine x4  
  52  7:27  Marine x2  
  58  7:44  Marine x3  
  58  7:45  Marauder x2  
  58  7:48  Factory  
  65  8:05  Marine  
  65  8:06  Marine x4, Marauder  
  72  8:16  Barracks x2  
  72  8:17  Barracks  
  72  8:20  Orbital Command, Barracks  
  72  8:22  Planetary Fortress  
  72  8:23  Marine x2  
  72  8:24  Marine x2, Barracks  
  76  8:27  SCV x3  
  76  8:33  Marauder  
  81  8:39  SCV  
  82  8:50  Marine x2  
  82  8:51  Marine x2  
  82  9:06  Marine x5  
  82  9:07  Marine  
  82  9:08  Marine x3  
  82  9:09  Marine  
  87  9:38  Marine x3  
  87  9:39  Marine x8  
  94  9:56  Marine x3  
Show
View Real Time Build Order
Export as new Build Order

Throwfordays Protoss 

Build Orders: Oracle Opening 

Get SALT Encoding   

  12  0:02  Probe  
  13  0:14  Probe  
  14  0:18  Pylon  
  14  0:26  Probe  
  15  0:36  Gateway  
  15  0:40  Probe  
  16  0:47  Assimilator  
  16  0:52  Probe  
  16  0:56  Assimilator  
  17  1:03  Probe  
  18  1:12  Probe  
  19  1:20  Probe  
  19  1:24  Zealot  
  22  1:29  Cybernetics Core  
  22  1:35  Probe  
  23  2:07  Pylon  
  23  2:09  Pylon  
  23  2:21  Stargate  
  23  2:25  Probe  
  23  2:28  Stargate  
  24  2:47  Probe  
  25  2:54  Protoss Air Weapons Level 1  
  25  3:14  Oracle  
  28  3:27  Nexus  
  28  3:41  Oracle  
  31  3:48  Pylon  
  31  3:52  Forge  
  31  3:54  Pylon  
  31  4:23  Probe  
  32  4:31  Assimilator, Probe  
  32  4:34  Assimilator  
  32  4:36  Pylon  
  32  4:37  Photon Cannon  
  33  4:40  Pylon  
  33  4:41  Photon Cannon, Probe  
  34  4:53  Probe  
  35  5:05  Probe  
  33  5:15  Probe  
  31  5:23  Probe  
  31  5:24  Photon Cannon  
  31  5:26  Photon Cannon  
  32  5:30  Photon Cannon  
  32  5:33  Probe  
  32  5:35  Photon Cannon  
  33  5:45  Probe  
  34  5:51  Protoss Air Armor Level 1  
  34  5:57  Probe  
  34  5:58  Fleet Beacon  
  34  6:03  Stargate  
  35  6:09  Cybernetics Core, Probe  
  36  6:21  Probe  
  37  6:29  Probe  
  37  6:36  Nexus  
  37  6:37  Probe  
  37  6:38  Pylon  
  38  6:40  Pylon  
  38  6:42  Assimilator  
  38  6:44  Anion Pulse-Crystals  
  38  6:46  Assimilator  
  39  6:57  Probe  
  40  7:02  Probe  
  41  7:09  Protoss Air Weapons Level 2  
  41  7:14  Probe  
  42  7:22  Stargate  
  42  7:26  Probe  
  42  7:28  Stargate  
  43  7:44  Robotics Facility  
  43  7:50  Robotics Facility  
  43  7:54  Probe  
  43  7:56  Pylon  
  44  7:59  Probe  
  44  8:02  Probe  
  45  8:07  Probe  
  45  8:12  Probe  
  47  8:17  Probe  
  47  8:18  Twilight Council  
  49  8:24  Probe  
  50  8:29  Probe  
  50  8:31  Warp Prism  
  53  8:36  Probe  
  55  8:41  Probe  
  55  8:43  Robotics Bay  
  55  8:58  Forge  
  55  9:03  Phoenix  
  55  9:04  Phoenix x2  
  61  9:14  Stalker  
Show
View Real Time Build Order
Export as new Build Order

Breakfast Terran 

Build Orders:  

Get SALT Encoding   

  12  0:01  SCV  
  13  0:13  SCV  
  14  0:25  SCV  
  15  0:34  Supply Depot  
  15  0:47  Supply Depot  
  15  0:56  SCV  
  16  1:02  Barracks  
  16  1:11  Barracks  
  16  1:22  SCV  
  17  1:34  SCV  
  17  1:35  Engineering Bay  
  17  1:39  Refinery  
  18  1:46  SCV  
  18  1:59  Marine  
  19  2:02  Engineering Bay  
  19  2:11  SCV  
  20  2:17  Marine  
  21  2:23  SCV  
  22  2:35  Marine, SCV  
  24  2:51  Refinery  
  24  2:52  Marine x2, Terran Infantry Weapons Level 1  
  26  3:08  SCV  
  26  3:10  Marine x2  
  29  3:25  Terran Infantry Armor Level 1  
  29  3:30  Barracks Tech Lab  
  29  3:35  Barracks Reactor  
  29  3:57  Factory  
  29  3:58  Marine  
  30  4:13  Marine  
  31  4:22  Supply Depot  
  31  4:33  Stimpack  
  31  4:44  Marine x3, Supply Depot  
  34  4:48  Armory  
  34  5:02  Marine x3  
  37  5:07  Supply Depot  
  37  5:19  Marine x3  
  40  5:30  Supply Depot  
  40  5:35  Terran Infantry Weapons Level 2  
  40  5:36  Terran Infantry Armor Level 2  
  40  5:37  Marine x3  
  43  5:47  Factory Tech Lab  
  43  5:53  Supply Depot  
  43  5:55  Marine x3  
  46  6:15  Supply Depot, Command Center  
  46  6:23  Thor  
  52  6:40  Orbital Command  
  52  6:48  Marine x3  
  55  6:54  Combat Shield  
  55  7:05  Terran Vehicle Weapons Level 1  
  55  7:21  Marine x3  
  58  7:35  SCV  
  59  7:39  Marine x3  
  59  7:44  SCV  
  63  7:47  SCV  
  64  7:56  Marine, SCV  
  64  7:57  Marine x2  
  68  7:59  SCV  
  69  8:11  SCV  
  70  8:18  Thor  
  76  8:37  Marine x3  
  79  8:54  Marine  
  79  8:55  Marine x2  
Show
View Real Time Build Order
Export as new Build Order

Faust Zerg 

Build Orders: Hatch First, Swarm Host 

Get SALT Encoding   

  12  0:00  Drone  
  13  0:09  Drone  
  14  0:14  Extractor  
  14  0:16  Drone  
  15  0:22  Overlord  
  15  0:41  Drone x2  
  17  0:56  Drone  
  18  1:03  Hatchery  
  17  1:04  Drone  
  17  1:07  Extractor  
  17  1:19  Spawning Pool  
  17  1:21  Drone  
  17  1:23  Drone  
  18  1:27  Drone  
  19  1:42  Overlord  
  19  2:07  Metabolic Boost  
  19  2:09  Queen  
  21  2:17  Zergling x6  
  21  2:18  Zergling x2  
  25  2:44  Drone  
  25  2:45  Queen, Drone x3  
  25  2:48  Lair  
  31  2:55  Drone  
  31  2:56  Drone  
  33  2:58  Drone  
  33  3:01  Drone  
  35  3:11  Drone  
  36  3:15  Overlord  
  36  3:41  Drone x4  
  36  3:42  Drone x2  
  40  3:52  Spore Crawler  
  40  3:55  Spore Crawler  
  36  3:58  Spore Crawler  
  36  4:00  Extractor  
  36  4:02  Drone x3, Infestation Pit  
  37  4:03  Drone x4  
  40  4:10  Drone  
  40  4:12  Extractor  
  40  4:13  Extractor  
  39  4:19  Drone x2  
  39  4:22  Spore Crawler  
  40  4:37  Hatchery, Drone x2  
  40  4:38  Drone x3  
  43  4:43  Overlord  
  44  4:51  Extractor  
  44  4:52  Nydus Network  
  42  4:55  Drone  
  42  4:56  Drone  
  44  5:02  Overlord  
  44  5:13  Drone x2  
  44  5:14  Drone  
  47  5:17  Drone  
  47  5:18  Drone x2, Overlord  
  50  5:27  Drone  
  51  5:32  Swarm Host  
  51  5:33  Swarm Host  
  57  5:36  Swarm Host x2  
  57  5:42  Overlord x2  
  63  5:48  Evolution Chamber x2  
  61  5:55  Drone x3  
  64  6:00  Overlord x2  
  64  6:01  Swarm Host  
  64  6:04  Swarm Host  
  67  6:10  Hive  
  70  6:16  Zerg Melee Weapons Level 1  
  68  6:26  Spore Crawler  
  68  6:30  Spore Crawler  
  63  6:37  Overseer  
  60  6:58  Nydus Canal  
  60  7:02  Swarm Host x4  
  60  7:03  Swarm Host  
  75  7:27  Drone x3  
  75  7:29  Drone  
  79  7:30  Drone x13  
  89  7:44  Drone  
  90  7:45  Overlord x2  
  90  7:46  Overlord  
  90  7:49  Adrenal Glands  
  90  7:50  Spire  
  89  7:54  Queen, Spawning Pool  
  91  8:02  Spire  
  90  8:08  Drone x2  
  90  8:09  Drone  
  90  8:11  Extractor, Drone x3  
  90  8:12  Zergling x2  
  96  8:13  Zergling x10  
  96  8:18  Overlord  
  101  8:25  Hatchery  
  100  8:28  Nydus Canal  
  100  8:36  Zergling x2  
  100  8:37  Zergling x16  
  103  9:06  Corruptor x7  
  112  9:13  Baneling Nest  
  102  9:55  Zergling x12  
  102  9:56  Zergling x8  
  110  10:00  Baneling x7  
Tags
 
Add a new tag
Caveats
  • Supply blocks, unpowered buildings, or Contaminate may cause inaccurate times.
  • Supply counts are checked every 10 seconds.